 Dungeon Crawl Stone Soup version 0.29.1-1-gd02db6906a (webtiles) character file.

Game seed: 2280115081758487147

651 RogueRain17 the Spear-Bearer (level 8, 0/63 HPs)
             Began as a Meteoran Cinder Acolyte on Sept 18, 2022.
             Was a High Priest of Ignis.
             Slain by a kobold brigand
             ... wielding a +0 dagger
              (3 damage)
             ... on level 7 of the Dungeon.
             The game lasted 00:16:28 (3167 turns).

RogueRain17 the Spear-Bearer (MeCA)                 Turns: 3167, Time: 00:16:29

Health: 0/63       AC:  4    Str: 18    XL:     8   Next: 10%
Magic:  8/10       EV: 11    Int: 16    God:    Ignis [*****.]
Gold:   214        SH:  0    Dex:  9    Spells: 9/11 levels left

rFire   + . .      SeeInvis .   a - -1 spear (flame)
rCold   . . .      Faith    .   (no shield)
rNeg    . . .      Spirit   .   b - +0 robe
rPois   .          Reflect  .   (no helmet)
rElec   .          Harm     .   (no cloak)
rCorr   .          Rampage  .   c - +1 pair of gloves
Will    +....                   (no boots)
Stlth   ..........              (no amulet)
HPRegen 0.20/turn               (no ring)
MPRegen 0.12/turn               (no ring)

@: about to teleport, silenced, glowing
A: sense surroundings 1, otherworldly, glowing, explore regen, low MP 1
a: Renounce Religion


You were on level 7 of the Dungeon.
You worshipped Ignis.
Ignis was extremely pleased with you.
You visited 1 branch of the dungeon, and saw 7 of its levels.

You collected 214 gold pieces.

Inventory:

Hand Weapons
 a - a -1 spear of flaming (weapon)
Missiles
 m - a throwing net
 s - 6 javelins
Armour
 b - a +0 robe (worn)
 c - a +1 pair of gloves (worn)
Jewellery
 q - a ring of positive energy
Wands
 d - a wand of flame (27)
Scrolls
 e - 2 scrolls of magic mapping
 h - a scroll of poison
 j - 2 scrolls of enchant armour
 k - a scroll of teleportation
 l - 2 scrolls of blinking {unknown}
 n - 3 scrolls of identify
 p - a scroll of amnesia {unknown}
 r - 2 scrolls of fear {unknown}
Potions
 o - a potion of cancellation {unknown}
 t - a potion of might {unknown}
 v - a potion of resistance {unknown}


   Skills:
 - Level 3.2 Fighting
 * Level 9.5 Polearms
 - Level 2.0 Spellcasting
 - Level 5.0 Fire Magic


You had 9 spell levels left.
You knew the following spells:

 Your Spells              Type           Power      Damage    Failure   Level
a - Scorch                Fire           34%        2d6       4%          2

Your spell library contained the following spells:

 Spells                   Type           Power      Damage    Failure   Level
 Slow                     Hex            4%         N/A       21%         1
 Wereblood                Tmut           1%         N/A       30%         2
 Call Canine Familiar     Summ           1%         N/A       52%         3
 Dazzling Flash           Conj/Hex       2%         N/A       52%         3
 Portal Projectile        Hex/Tloc       2%         N/A       52%         3
 Leda's Liquefaction      Hex/Erth       0%         N/A       90%         4
 Summon Forest            Summ/Tloc      0%         N/A       99%         5
 Eringya's Noxious Bog    Tmut/Pois      0%         N/A       100%        6
 Summon Hydra             Summ           0%         N/A       100%        7


Dungeon Overview and Level Annotations

Branches:
Dungeon (7/15) Zot: 1104
 Temple: D:4-7

Altars:
Qazlal
Trog
Xom

Annotations:
D:5 Grinder


Innate Abilities, Weirdness & Mutations

You passively map a small area around you.
You are easily found by Zot.
You glow in the dark.
You regain HP and MP as you explore.
Your magical capacity is low. (-10% MP)


Message History

The steam dragon breathes steam at you. The ball of steam hits you. You resist.
The scorpion is engulfed in a cloud of scalding steam.
The scorpion completely misses you. The kobold hits you with a +0 club.
You hear a shout! x2
As you read the scroll labelled XOOJYPT BOKLIRUI, it crumbles to dust.
It is a scroll of identify.
h - a scroll of poison The scorpion stings you but does no damage.
Something hits you but does no damage.
The steam dragon bites you but does no damage.
The steam dragon claws you but does no damage.
The kobold is engulfed in a cloud of scalding steam.
The kobold dies!
The kobold completely misses you.
As you read the scroll labelled UNTEASM CAICH, it crumbles to dust.
You feel strangely unstable.
It was a scroll of teleportation.
The scorpion stings you. Something hits you but does no damage.
The steam dragon bites you but does no damage.
The steam dragon misses you. The kobold hits you with a +0 club.
* * * LOW HITPOINT WARNING * * *
As you read the scroll labelled UMUDIE YMPEROPN, it crumbles to dust.
A profound silence engulfs you.
It was a scroll of silence.
The kobold brigand is no longer more vulnerable to fire.
The scorpion misses you. Something hits you but does no damage.
The steam dragon bites you!
* * * LOW HITPOINT WARNING * * *
The steam dragon claws you but does no damage.
The kobold barely misses you.
An orc comes into view. It is wielding a +0 club.
The kobold brigand hits you but does no damage.
You miss something. The scorpion barely misses you.
Unknown command.
You miss something. Something hits you but does no damage.
The steam dragon breathes steam at you. The ball of steam hits you. You resist.
* * * LOW HITPOINT WARNING * * *
The kobold closely misses you.
The kobold brigand hits you with a +0 dagger.
You die...

* .. #. * , #.
, ##. * #..*
#.. ##.s##
*#.KD@# *
#....KK{....o∩
#......K...###.
* *
...$.....### *
,, .####...## ,
* #....* ** *
*,..... *
.≈≈≈≈≈ ,,


You could see a steam dragon (unsilenced, catching breath), a kobold brigand, a
scorpion, an orc and 3 kobolds.

Vanquished Creatures
  An ice beast (D:5)
  A kobold brigand (D:6)
  A jelly (D:5)
  4 orc priests
  2 iguanas (D:5)
  2 orc wizards
  4 gnolls (D:5)
  8 adders
  3 ufetubi
  21 orcs
  4 ball pythons
  9 endoplasms
  5 giant cockroaches
  9 hobgoblins
  6 quokkas
  2 bats
  2 frilled lizards (D:2)
  4 goblins
  15 kobolds
  A rat (D:1)
104 creatures vanquished.

Vanquished Creatures (others)
  A kobold (D:7)
1 creature vanquished.

Grand Total: 105 creatures vanquished

Notes
Turn   | Place    | Note
-------+----------+-------------------------------------------
     0 | D:1      | RogueRain17 the Meteoran Cinder Acolyte began the quest for
                  | the Orb.
     0 | D:1      | Reached XP level 1. HP: 19/19 MP: 3/3
   155 | D:1      | Reached XP level 2. HP: 20/26 MP: 5/5
   184 | D:1      | Reached skill level 4 in Polearms
   506 | D:1      | Glimpsed the power of Zot.
   526 | D:1      | Reached XP level 3. HP: 31/31 MP: 5/7
   556 | D:1      | Glimpsed the power of Zot.
   596 | D:1      | Glimpsed the power of Zot.
   694 | D:2      | Found a faded altar of an unknown god.
   704 | D:2      | Learned a level 2 spell: Scorch
   828 | D:2      | Reached XP level 4. HP: 38/38 MP: 3/8
   941 | D:2      | Found a shimmering altar of Xom.
  1067 | D:2      | Reached skill level 5 in Polearms
  1111 | D:2      | Glimpsed the power of Zot.
  1162 | D:2      | Glimpsed the power of Zot.
  1250 | D:3      | Reached XP level 5. HP: 30/45 MP: 1/9
  1713 | D:3      | Glimpsed the power of Zot.
  1715 | D:3      | Got the Exposition on Fetching Shapeshifting
  1763 | D:3      | Glimpsed the power of Zot.
  1806 | D:4      | Reached skill level 6 in Polearms
  1806 | D:4      | Reached XP level 6. HP: 45/51 MP: 4/10
  1819 | D:4      | Reached skill level 5 in Fire Magic
  1849 | D:4      | Found a bloodstained altar of Trog.
  2318 | D:4      | Glimpsed the power of Zot.
  2328 | D:5      | Entered Level 5 of the Dungeon
  2328 | D:5      | Noticed an ice beast
  2331 | D:5      | Killed an ice beast
  2332 | D:5      | Reached skill level 7 in Polearms
  2332 | D:5      | Reached XP level 7. HP: 57/57 MP: 5/11
  2362 | D:5      | Reached skill level 8 in Polearms
  2604 | D:5      | Found a stormy altar of Qazlal.
  2641 | D:5      | Noticed Grinder
  2651 | D:5      | Gained mutation: Your magical capacity is low. (-10% MP)
                  | [potion of mutation]
  2658 | D:5      | HP: 2/57 [adder (3)]
  2893 | D:5      | Reached skill level 9 in Polearms
  2958 | D:5      | Glimpsed the power of Zot.
  3008 | D:5      | Glimpsed the power of Zot.
  3085 | D:6      | Reached XP level 8. HP: 36/63 MP: 2/10
  3148 | D:6      | Noticed a steam dragon
  3167 | D:7      | HP: 3/63 [steam dragon/ball of steam (6)]
  3167 | D:7      | Slain by a kobold brigand

Illustrated notes

Levels and vault maps discovered:
D:1:      minmay_arrival_three_doors, layout_loops_corners
D:2:      layout_loops_ring, basic_altar, hellmonk_ecumenical_altar_arch_garden
D:3:      layout_loops_cross, saegor_snake_ambush
D:4:      layout_basic, nicolae_overflow_crystal_walls
D:5:      layout_basic, grunt_qazlal_clouds, fountainhead, uniq_grinder
D:6:      layout_basic, minmay_temple_entry_glassed_door
D:7:      layout_layer_cave, mainiacjoe_overflow_catwalk_spiral, serial_shops,
          kennysheep_little_box, nicolae_shop_competitors_out_of_business,
          nicolae_square_shop, nicolae_shop_crystal

Skill      XL: |  1  2  3  4  5  6  7 |
---------------+----------------------+-----
Polearms       | 4 5 6 7 9 |  9.5
Spellcasting   | 2 |  2.0
Fire Magic     | 4 5 |  5.0
Fighting       | |  3.2

Action                   |  1- 3 |  4- 6 |  7- 9 || total
-------------------------+-------+-------+-------++-------
Melee: Spear             |    97 |   130 |   105 ||   332
       Punch             |       |       |     2 ||     2
 Cast: Scorch            |     5 |    30 |    33 ||    68
  Use: Potion            |       |     4 |     7 ||    11
       Scroll            |       |       |     5 ||     5
Armor: Robe              |    25 |    19 |    49 ||    93
       Skin              |       |    10 |       ||    10
Dodge: Dodged            |    32 |    16 |    78 ||   126
